 Dungeon Crawl Stone Soup version 0.29-a0-356-g7bc237e783 (webtiles) character file.

Game seed: 16228148322881295494

3465 croobank the Magician (level 10, -8/73 HPs)
             Began as a Gnoll Fire Elementalist on Apr 26, 2022.
             Was an Initiate of Gozag.
             Killed from afar by a manticore (14 damage)
             ... with a volley of spikes
             ... on level 8 of the Dungeon.
             The game lasted 00:33:30 (8729 turns).

croobank the Magician (Gnoll Fire Elementalist)     Turns: 8729, Time: 00:33:43

Health: -8/73      AC:  3    Str:  7    XL:     10   Next: 6%
Magic:  18/20      EV: 14    Int: 20    God:    Gozag
Gold:   515        SH:  0    Dex: 12    Spells: 6/23 levels left

rFire   . . .      SeeInvis .   r - +2 demon whip (venom)
rCold   . . .      Faith    .   (no shield)
rNeg    . . .      Spirit   .   k - +0 robe
rPois   .          Reflect  .   (no helmet)
rElec   .          Harm     .   v - +0 cloak
rCorr   .          Rampage  .   (no gloves)
Will    .....                   (no boots)
Stlth   +++.......              m - amulet of the acrobat
HPRegen 0.22/turn               (no ring)
MPRegen 0.17/turn               (no ring)

@: brilliant, about to teleport, spiked, gold aura, hasted, very quick
A: fangs 1, strong nose, distributed training
a: Renounce Religion, Potion Petition, Call Merchant, Bribe Branch


You were on level 8 of the Dungeon.
You worshipped Gozag.
Gozag was pleased with you.
You visited 2 branches of the dungeon, and saw 9 of its levels.

You collected 939 gold pieces.
You paid 424 gold pieces to Gozag.

Inventory:

Hand Weapons
 a - a +5 quarterstaff of chaos
 b - a +0 hunting sling
 j - a +0 broad axe
 r - a +2 demon whip of venom (weapon)
 u - a +2 vampiric whip
Missiles
 c - 14 poisoned darts
 o - 132 stones
 w - 7 boomerangs
Armour
 f - a +0 leather armour
 g - a +0 ring mail
 k - a +0 robe (worn)
 v - a +0 cloak (worn)
Magical Staves
 i - a staff of earth
 s - a staff of death
Jewellery
 m - an amulet of the acrobat (around neck)
Wands
 n - a wand of iceblast (10)
 p - a wand of flame (26)
Scrolls
 d - a scroll of amnesia
 e - 4 scrolls of teleportation
 y - a scroll of immolation
Potions
 h - a potion of attraction
 l - a potion of curing
 t - a potion of lignification
 x - 2 potions of mutation {unknown}
 z - a potion of haste {unknown}
 A - 2 potions of brilliance {unknown}


   Skills:
 + Level 4.9 Fighting
 + Level 4.9 Short Blades
 + Level 4.9 Long Blades
 + Level 4.9 Axes
 + Level 4.9 Maces & Flails
 + Level 4.9 Polearms
 + Level 4.9 Staves
 + Level 4.9 Slings
 + Level 4.9 Bows
 + Level 4.9 Crossbows
 + Level 4.9 Throwing
 + Level 4.9 Armour
 + Level 6.8 Dodging
 + Level 6.5 Stealth
 + Level 4.9 Shields
 + Level 4.9 Unarmed Combat
 + Level 7.1 Spellcasting
 + Level 4.6 Conjurations
 + Level 4.0 Hexes
 + Level 4.0 Summonings
 + Level 4.0 Necromancy
 + Level 4.0 Translocations
 + Level 4.0 Transmutations
 + Level 6.9 Fire Magic
 + Level 4.0 Ice Magic
 + Level 4.0 Air Magic
 + Level 4.0 Earth Magic
 + Level 4.0 Poison Magic
 + Level 5.3 Invocations
 + Level 4.9 Evocations


You had 6 spell levels left.
You knew the following spells:

 Your Spells              Type           Power      Damage    Failure   Level
a - Foxfire               Conj/Fire      100%       2x1d9     1%          1
b - Scorch                Fire           100%       2d10      1%          2
c - Flame Wave            Conj/Fire      45%        2d10      9%          4
d - Ensorcelled Hibernat  Hex/Ice        70%        N/A       2%          2
e - Swiftness             Air            35%        N/A       5%          3
f - Passwall              Tmut/Erth      29%        N/A       2%          2
g - Call Canine Familiar  Summ           35%        N/A       5%          3

Your spell library contained the following spells:

 Spells                   Type           Power      Damage    Failure   Level
 Conjure Flame            Conj/Fire      45%        6-21      2%          3
 Inner Flame              Hex/Fire       43%        N/A       3%          3
 Portal Projectile        Hex/Tloc       70%        N/A       5%          3
 Leda's Liquefaction      Hex/Erth       17%        N/A       17%         4


Dungeon Overview and Level Annotations

Branches:
Dungeon (8/15)             Temple (1/1) D:4
   Lair: D:8-11

Altars:
Ashenzari
Cheibriados
Dithmenos
Elyvilon
Fedhas
Gozag
Hepliaklqana
Kikubaaqudgha
Makhleb
Nemelex Xobeh
Okawaru
Qazlal
Ru
Sif Muna
Trog
Uskayaw
Vehumet
Wu Jian
Xom
Yredelemnul
Zin
The Shining One

Shops:
D:3 [

Annotations:
D:8 1 runed translucent door, Antichthon's ghost, novice NaWr


Innate Abilities, Weirdness & Mutations

You have very sharp teeth.
Your uncanny sense of smell can sniff out nearby items.
Your experience applies equally to all skills.


Message History

You hit the orc priest.
The orc priest is poisoned.
The orc priest is moderately wounded.
The orc priest hits you with a +0 hand axe.
You whack the orc priest!
You kill the orc priest!
You start to feel a little faster.
The tengu warrior attacks as you move away!
The tengu warrior hits you with a +0 great sword!
The tengu warrior completely misses you. x2
The tengu warrior barely misses you. The tengu warrior pecks you.
The tengu warrior misses you.
As you read the scroll of teleportation, it crumbles to dust.
You feel strangely unstable.
The tengu warrior hits you with a +0 great sword!
The tengu warrior pecks you. The tengu warrior claws you!
Okay, then.
You feel better.
You no longer feel sluggish.
The tengu warrior hits you with a +0 great sword!!
* * * LOW HITPOINT WARNING * * *
The tengu warrior pecks you.
* * * LOW HITPOINT WARNING * * *
The tengu warrior claws you!
* * * LOW HITPOINT WARNING * * *
[a] - 322 gold - haste and brilliance [b] - 406 gold - haste and brilliance [c] - 336 gold - brilliance and magic Purchase which effect? [a] - 322 gold - haste and brilliance [b] - 406 gold - haste and brilliance [c] - 336 gold - brilliance and magic Purchase which effect?
You no longer have enough gold to fund merchants seeking to open stores in the dungeon.
You feel yourself speed up.
You feel clever all of a sudden.
The manticore flicks its tail.
The volley of spikes hits you!
The barbed spikes become lodged in your body.
You die...
Your body crumbles into a pile of gold.

#........#...........#.##.
#........#.##############.
#........#.# #.
#........#.# $ ##.
#........#.# #..
#..........## .. ##.
............# .♣♣.. ##
######...#### ♣♣.♣.h #.
#...@..# $###+### ##
####...Q..####8...8##
.....................##
#........H####.#......#
#..#######..## #.#)## ..#
##$.## ##....# .# ##..#
#...#.. ∆∆∆ ##.# #.#.... ∆
#.# ...#...)


You could see a tengu warrior and a manticore.

Vanquished Creatures
  Amaemon (D:8)
  3 yaks (D:8)
  Edmund (D:6)
  An orc warrior (D:6)
  2 sky beasts (D:7)
  2 black bears
  A centaur (D:7)
  A kobold brigand (D:8)
  3 phantoms
  2 bullfrogs
  2 necrophages
  2 scorpions
  3 killer bees (D:5)
  A howler monkey (D:7)
  5 orc priests
  3 gnoll shamans
  6 hounds
  A jelly (D:7)
  Crazy Yiuf (D:2)
  Jessica (D:2)
  2 iguanas
  5 orc wizards
  13 gnolls
  8 adders
  A white imp (D:8)
  A worm (D:4)
  2 dart slugs
  36 orcs
  3 endoplasms
  3 giant cockroaches
  5 goblins
  4 hobgoblins
  4 jackals (D:1)
  4 quokkas
  10 ball pythons
  A bat (D:3)
  3 frilled lizards
  9 kobolds
  8 rats
164 creatures vanquished.

Vanquished Creatures (collateral kills)
  A gnoll (D:5)
1 creature vanquished.

Vanquished Creatures (others)
  206 foxfires
  A fungus (D:8)
  7 plants (D:8)
214 creatures vanquished.

Grand Total: 379 creatures vanquished

Notes
Turn   | Place    | Note
-------+----------+-------------------------------------------
     0 | D:1      | croobank the Gnoll Fire Elementalist began the quest for
                  | the Orb.
     0 | D:1      | Reached XP level 1. HP: 13/13 MP: 6/6
   518 | D:1      | Reached XP level 2. HP: 19/19 MP: 5/7
  1096 | D:2      | Noticed Jessica
  1101 | D:2      | Learned a level 2 spell: Scorch
  1106 | D:2      | Killed Jessica
  1107 | D:2      | Reached skill level 5 in Spellcasting
  1107 | D:2      | Reached skill level 1 in Invocations
  1107 | D:2      | Reached XP level 3. HP: 25/25 MP: 4/9
  1172 | D:2      | Found a faded altar of an unknown god.
  1222 | D:2      | Reached skill level 1 in Fighting
  1222 | D:2      | Reached skill level 1 in Short Blades
  1222 | D:2      | Reached skill level 1 in Long Blades
  1222 | D:2      | Reached skill level 1 in Axes
  1222 | D:2      | Reached skill level 1 in Maces & Flails
  1222 | D:2      | Reached skill level 1 in Polearms
  1222 | D:2      | Reached skill level 1 in Staves
  1222 | D:2      | Reached skill level 1 in Slings
  1222 | D:2      | Reached skill level 1 in Bows
  1222 | D:2      | Reached skill level 1 in Crossbows
  1222 | D:2      | Reached skill level 1 in Throwing
  1222 | D:2      | Reached skill level 1 in Armour
  1222 | D:2      | Reached skill level 1 in Shields
  1222 | D:2      | Reached skill level 1 in Unarmed Combat
  1222 | D:2      | Reached skill level 1 in Evocations
  1389 | D:2      | Reached XP level 4. HP: 32/32 MP: 3/11
  1473 | D:2      | Found a runed translucent door.
  1479 | D:2      | Learned a level 4 spell: Flame Wave
  1480 | D:2      | Noticed Crazy Yiuf
  1494 | D:2      | Learned a level 2 spell: Ensorcelled Hibernation
  1498 | D:2      | Learned a level 3 spell: Swiftness
  2363 | D:2      | Killed Crazy Yiuf
  2364 | D:2      | Reached skill level 1 in Hexes
  2364 | D:2      | Reached skill level 1 in Summonings
  2364 | D:2      | Reached skill level 1 in Necromancy
  2364 | D:2      | Reached skill level 1 in Translocations
  2364 | D:2      | Reached skill level 1 in Transmutations
  2364 | D:2      | Reached skill level 1 in Ice Magic
  2364 | D:2      | Reached skill level 1 in Air Magic
  2364 | D:2      | Reached skill level 1 in Earth Magic
  2364 | D:2      | Reached skill level 1 in Poison Magic
  2586 | D:3      | Found Odghits's Armour Shop.
  2659 | D:3      | Reached XP level 5. HP: 37/37 MP: 4/12
  2926 | D:3      | Found a shimmering altar of Xom.
  3380 | D:3      | You fall into a shaft and drop 3 floors!
  3382 | D:6      | Noticed Edmund
  3393 | D:6      | Noticed a black bear
  3398 | D:6      | Killed a black bear
  3399 | D:6      | Reached XP level 6. HP: 44/44 MP: 5/14
  3447 | D:5      | Entered Level 5 of the Dungeon
  3456 | D:5      | Reached skill level 5 in Dodging
  3665 | D:4      | Found a sparkling altar of Nemelex Xobeh.
  3672 | D:4      | Found a bloodstained altar of Trog.
  3676 | D:4      | Reached XP level 7. HP: 36/50 MP: 7/15
  4157 | D:4      | Found a staircase to the Ecumenical Temple.
  4345 | Temple   | Entered the Ecumenical Temple
  4419 | Temple   | Became a worshipper of Gozag Ym Sagoz the Greedy
  4724 | D:5      | Reached skill level 5 in Stealth
  4838 | D:5      | Reached XP level 8. HP: 45/57 MP: 9/16
  5183 | D:5      | Learned a level 2 spell: Passwall
  5187 | D:5      | Learned a level 3 spell: Call Canine Familiar
  5400 | D:5      | Reached skill level 6 in Spellcasting
  5580 | D:5      | Found a radiant altar of Vehumet.
  6340 | D:6      | Reached XP level 9. HP: 65/65 MP: 8/18
  6518 | D:6      | Killed Edmund
  6952 | D:7      | Found a shadowy altar of Dithmenos.
  8104 | D:8      | Noticed Amaemon
  8119 | D:8      | Killed Amaemon
  8120 | D:8      | Reached skill level 7 in Spellcasting
  8120 | D:8      | Reached skill level 5 in Invocations
  8120 | D:8      | Reached XP level 10. HP: 68/73 MP: 3/20
  8277 | D:8      | Found a runed translucent door.
  8571 | D:8      | Found a shimmering blue altar of Sif Muna.
  8621 | D:8      | Noticed Antichthon's ghost (novice NaWr)
  8625 | D:8      | Identified the +5 trident "Aclisixe" {venom, rPois rC+
                  | Int+4 SInv}
  8701 | D:8      | Noticed a tengu warrior
  8701 | D:8      | Noticed a centaur warrior
  8701 | D:8      | Noticed a tengu warrior
  8701 | D:8      | Noticed a manticore
  8729 | D:8      | Killed from afar by a manticore

Illustrated notes

Levels and vault maps discovered:
D:1:      dpeg_arrival_radiant, layout_basic, minmay_crystal_room, minivault_26
D:2:      layout_basic, basic_ecumenical_altar,
          wander_ebering_terrifying_dragon_lair, uniq_jessica,
          uniq_crazy_yiuf_cottage
D:3:      layout_loops_ring, xom_teletrap_fun, serial_shops,
          nicolae_shop_window_shopping
D:4:      layout_rooms, mainiacjoe_overflow_catch_the_wave,
          minmay_temple_entry_glass
D:5:      layout_loops_ring, vehumet_altar_wand_db, kennysheep_generic_room_3
D:6:      layout_rooms, dreamdust_princess_bridge, uniq_edmund
D:7:      layout_layer_cave, nicolae_dithmenos_shadow_blocks
D:8:      minmay_the_grid_octo_2x2 [minmay_the_grid_octo_teeth,
          minmay_the_grid_octo_checkerflower, minmay_the_grid_octo_fan_narrow,
          minmay_the_grid_octo_prize_big_c], layout_basic,
          mainiacjoe_overflow_six_doors_small, ebering_ghost_funeral_grove,
          grunt_decor_arrowhead, uniq_amaemon
Temple:   eino_temple_scatter_basement

Skill      XL: |  1  2  3  4  5  6  7  8  9 10 |
---------------+-------------------------------+-----
Conjurations   | 2 3 4 |  4.6
Spellcasting   | 5 6 7 |  7.1
Invocations    | 1 2 3 4 5 |  5.3
Fighting       | 1 2 3 4 |  4.9
Short Blades   | 1 2 3 4 |  4.9
Long Blades    | 1 2 3 4 |  4.9
Axes           | 1 2 3 4 |  4.9
Maces & Flails | 1 2 3 4 |  4.9
Polearms       | 1 2 3 4 |  4.9
Staves         | 1 2 3 4 |  4.9
Slings         | 1 2 3 4 |  4.9
Bows           | 1 2 3 4 |  4.9
Crossbows      | 1 2 3 4 |  4.9
Throwing       | 1 2 3 4 |  4.9
Armour         | 1 2 3 4 |  4.9
Shields        | 1 2 3 4 |  4.9
Unarmed Combat | 1 2 3 4 |  4.9
Evocations     | 1 2 3 4 |  4.9
Hexes          | 1 2 3 4 |  4.0
Summonings     | 1 2 3 4 |  4.0
Necromancy     | 1 2 3 4 |  4.0
Translocations | 1 2 3 4 |  4.0
Transmutations | 1 2 3 4 |  4.0
Ice Magic      | 1 2 3 4 |  4.0
Air Magic      | 1 2 3 4 |  4.0
Earth Magic    | 1 2 3 4 |  4.0
Poison Magic   | 1 2 3 4 |  4.0
Dodging        | 5 6 |  6.8
Stealth        | 5 6 |  6.5
Fire Magic     | 6 |  6.9

Action                   |  1- 3 |  4- 6 |  7- 9 | 10-12 || total
-------------------------+-------+-------+-------+-------++-------
Melee: Unarmed           |     4 |       |       |       ||     4
       Staff             |     9 |       |       |       ||     9
       Whip              |     7 |       |       |       ||     7
       Bite              |     1 |     5 |     6 |     2 ||    14
       Quarterstaff      |       |    23 |    38 |     2 ||    63
       Demon whip        |       |       |       |    13 ||    13
 Cast: Foxfire           |    21 |    31 |    64 |     8 ||   124
       Scorch            |     4 |    27 |    82 |    11 ||   124
       Flame Wave        |       |     3 |     6 |       ||     9
       Swiftness         |       |     1 |     1 |     1 ||     3
       Call Canine Famil |       |       |     1 |       ||     1
Invok: Potion Petition   |       |       |       |     1 ||     1
Evoke: Wand              |       |       |     1 |       ||     1
  Use: Scroll            |       |     4 |     8 |     2 ||    14
       Potion            |       |     5 |       |     2 ||     7
 Stab: Sleeping          |     1 |     1 |       |       ||     2
       Petrifying        |       |       |     1 |       ||     1
       Paralysed         |       |       |     2 |       ||     2
Armor: Robe              |     4 |     4 |     8 |     1 ||    17
Dodge: Dodged            |    23 |    33 |    61 |    18 ||   135

Table legend: (Time is in decaauts)
 A = Elapsed time spent in this place.
 B = Non-inter-level travel time spent in this place.
 C = Inter-level travel time spent in this place.
 D = Time resting spent in this place.
 E = Time spent auto-exploring this place.
 F = Levels seen in this place.
 G = Mean time per level.
                   A        B        C        D        E       F      G
               +--------+--------+--------+--------+--------+-----+--------+
         Total |   8740 |   8471 |    269 |   1703 |   5407 |   9 |  971.1 |
       Dungeon |   8529 |   8278 |    251 |   1703 |   5234 |   8 | 1066.1 |
        Temple |    210 |    192 |     18 |      0 |    173 |   1 |  210.0 |
               +--------+--------+--------+--------+--------+-----+--------+

Top non-repeatable levels by time:
     D:5: 1380 daAuts
     D:2: 1371 daAuts
     D:7: 1354 daAuts
     D:1: 1077 daAuts
     D:3: 1064 daAuts
     D:4: 906 daAuts
     D:6: 785 daAuts
     D:8: 589 daAuts
  Temple: 210 daAuts
